 Dungeon Crawl Stone Soup version 0.31.0-1-g2c135a008e (webtiles) character file.

Game seed: 6452491264457224720

786 qw the Shooter (level 8, 0/58 HPs)
             Began as a Djinni Hunter on Jan 24, 2024.
             Slain by a mummy (13 damage)
             ... in an ossuary.
             The game lasted 00:00:22 (3668 turns).

qw the Shooter (Djinni Hunter)                      Turns: 3668, Time: 00:00:23

Health: 0/58       AC:  8    Str: 10    XL:     8   Next: 11%
Gold:   219        EV: 12    Int: 12    God:
                   SH:  0    Dex: 18

rFire   + + +        a - +0 shortbow
rCold   . . .        (shield currently unavailable)
rNeg    . . .        d - +0 ring mail
rPois   inf          l - +1 helmet
rElec   .            f - +0 cloak
rCorr   .            (no gloves)
SInv    .            (boots unavailable)
Will    .....        i - amulet of regeneration
Stlth   +            b - ring of protection from cold
HPRegen 1.09/turn    h - ring of protection from fire
MPRegen 0.00/turn

%: infuse magic (-1 HP)
@: flying
A: sickness immunity, fire resistance 2, cold vulnerability 1, float, innate
caster, HP casting, extra vitality 1
a: no special abilities


You were in an ossuary.
You visited 1 branch of the dungeon, and saw 5 of its levels.
You also visited: Ossuary.

You collected 219 gold pieces.


Innate Abilities, Weirdness & Mutations

You are immune to sickness and miasma.
You are immune to poison.
Your flesh is very heat resistant. (rF++)
You are vulnerable to cold. (rC-)
You float through the air rather than walking.
You learn spells naturally, not from books.
Your magical power is your life essence.
You have superior vitality. (+4 MHP)


   Skills:
 - Level 4.0 Fighting
 + Level 6.2 Ranged Weapons
 - Level 2.0 Armour
 - Level 4.7 Dodging
 - Level 0.7 Stealth


You knew the following spells:

 Your Spells              Type           Power      Damage    Failure   Level
a - Slow                  Hex            0%         N/A       63%         1
b - Ensorcelled Hibernat  Hex/Ice        0%         N/A       77%         2
c - Jinxbite              Hex            0%         N/A       77%         2
Your spell library was empty.

Inventory:

Hand Weapons
 a - a +0 shortbow (weapon)
Armour
 d - a +0 ring mail (worn)
 f - a +0 cloak (worn)
 l - a +1 helmet (worn)
Jewellery
 b - a ring of protection from cold (left hand)
 h - a ring of protection from fire (right hand)
 i - an amulet of regeneration (around neck)
Potions
 c - a potion of mutation
 g - 2 potions of curing
 j - a potion of haste {unknown}

Dungeon Overview and Level Annotations

Branches:
Dungeon (5/15)             Temple (0/1) D:5         Ossuary (1/1)

Altars:
Ashenzari
Cheibriados
Ru

Annotations:
D:4 1 runed translucent door, Crazy Yiuf, Dowan, Duvessa


Message History

3660 ||| DRINKING potion of heal wounds.
You feel much better.
The killer bee zombie hits you but does no damage.
The killer bee zombie hits you.
You shoot an arrow.
The arrow closely misses the killer bee zombie.
The killer bee zombie hits you. The killer bee zombie misses you.
The mummy closely misses you.
You shoot an arrow.
The arrow closely misses the killer bee zombie.
The killer bee zombie hits you.
The killer bee zombie barely misses you.
The mummy hits you but does no damage.
You shoot an arrow. The arrow hits the killer bee zombie.
The killer bee zombie is moderately damaged.
The killer bee zombie hits you but does no damage.
The killer bee zombie misses you. The killer bee zombie hits you.
You shoot an arrow.
The arrow closely misses the killer bee zombie.
The killer bee zombie hits you. The mummy barely misses you.
The killer bee zombie hits you but does no damage.
You shoot an arrow.
The arrow barely misses the killer bee zombie.
The killer bee zombie barely misses you.
The killer bee zombie closely misses you.
The mummy hits you!
You shoot an arrow.
The arrow hits the killer bee zombie but does no damage.
The killer bee zombie is moderately damaged.
The killer bee zombie hits you. x2
You shoot an arrow. The arrow hits the killer bee zombie!
The killer bee zombie is severely damaged.
The killer bee zombie closely misses you.
The killer bee zombie hits you but does no damage.
The mummy misses you. The killer bee zombie misses you.
You shoot an arrow. The arrow hits the killer bee zombie.
The killer bee zombie is severely damaged.
The killer bee zombie hits you but does no damage.
The mummy hits you!
You die...

#+# ..+
###.#
.#.+ ZZ##
#Z'
###M###
#.'Z@.#
#####.###
#\..#.+
#.\.'.#
#...#~+
#####~#
~~~ #+##


You could see a mummy, 2 ball python zombies, a killer bee zombie and a howler
monkey zombie.

Vanquished Creatures
  Grinder (D:4)
  An ogre (D:4)
  2 scorpions
  A howler monkey (D:5)
  A bullfrog zombie (Ossuary)
  A gnoll bouda (D:4)
  An iguana (D:5)
  2 orc wizards (D:3)
  A mummy (Ossuary)
  5 gnolls (D:4)
  6 adders
  6 dart slugs
  4 ribbon worms
  7 orcs
  3 ball pythons
  5 bats
  5 endoplasms
  2 giant cockroaches
  8 goblins
  6 hobgoblins
  3 jackals (D:4)
  3 quokkas
  2 frilled lizards
  7 kobolds
  5 rats
88 creatures vanquished.

Notes
Turn   | Place    | Note
-------+----------+-------------------------------------------
     0 | D:1      | qw the Djinni Hunter began the quest for the Orb.
     0 | D:1      | Reached XP level 1. HP: 18/18 MP: 0/0
     0 | D:1      | 0 ||| qw: Version: 0.3-a-136-gdd3b4e8
     0 | D:1      | 0 ||| qw: Game counter: 1417
     0 | D:1      | 0 ||| qw: Melee chars always use a shield: true
     0 | D:1      | 0 ||| qw: God list: Okawaru
     0 | D:1      | 0 ||| qw: Allow faded altars: false
     0 | D:1      | 0 ||| qw: Do Orc after clearing Dungeon:15 true
     0 | D:1      | 0 ||| qw: Do second Lair branch before Depths: true
     0 | D:1      | 0 ||| qw: Lair rune preference: random
     0 | D:1      | 0 ||| qw: Goals: Normal
     0 | D:1      | 0 ||| PLANNING D:1-11
    83 | D:1      | 83 ||| DROPPING scroll of butterflies.
   150 | D:1      | Reached XP level 2. HP: 19/23 MP: 0/0
   221 | D:1      | You are sucked into a shaft and drop 1 floor!
   222 | D:2      | 222 ||| UPGRADING to ring of protection from cold.
   223 | D:2      | 223 ||| READING scroll labelled DAOLOI KEIFEVY.
   223 | D:2      | 223 ||| IDENTIFYING orange potion
   550 | D:1      | 550 ||| UPGRADING to +0 ring mail.
   564 | D:1      | Reached XP level 3. HP: 28/28 MP: 0/0
   564 | D:1      | Learned a level 1 spell: Slow
   564 | D:1      | 564 ||| DROPPING +0 leather armour.
   657 | D:1      | Reached skill level 4 in Ranged Weapons
   962 | D:2      | Reached skill level 1 in Armour
  1020 | D:2      | Reached XP level 4. HP: 28/33 MP: 0/0
  1184 | D:2      | Found a faded altar of an unknown god.
  1356 | D:2      | 1356 ||| UPGRADING to amulet of regeneration.
  1361 | D:2      | 1361 ||| READING scroll labelled BOM JEOZXAU.
  1462 | D:2      | 1462 ||| READING scroll labelled ZISUPNAINT.
  1563 | D:2      | 1563 ||| DRINKING 2 cyan potions.
  1661 | D:3      | 1661 ||| DRINKING potion of curing.
  1661 | D:3      | 1661 ||| (to cure confusion)
  1669 | D:3      | Reached skill level 3 in Fighting
  1688 | D:3      | Reached XP level 5. HP: 18/40 MP: 0/0
  1688 | D:3      | Learned a level 2 spell: Ensorcelled Hibernation
  2483 | D:3      | 2483 ||| UPGRADING to +0 cloak.
  2488 | D:3      | 2488 ||| UPGRADING to +0 helmet.
  2493 | D:3      | 2493 ||| READING 2 scrolls of identify.
  2493 | D:3      | 2493 ||| IDENTIFYING lumpy sapphire potion
  2494 | D:3      | 2494 ||| READING scroll of identify.
  2494 | D:3      | 2494 ||| IDENTIFYING brown potion
  2495 | D:3      | 2495 ||| READING scroll labelled ISIEXT QEONIE.
  2496 | D:3      | 2496 ||| DROPPING potion of degeneration.
  2497 | D:3      | 2497 ||| DROPPING potion of berserk rage.
  2562 | D:4      | Reached skill level 5 in Ranged Weapons
  2562 | D:4      | Reached XP level 6. HP: 43/46 MP: 0/0
  2598 | D:4      | Noticed Grinder
  2622 | D:4      | 2622 ||| FLEEEEING.
  2631 | D:4      | 2631 ||| FLEEEEING.
  2632 | D:4      | 2632 ||| FLEEEEING.
  2637 | D:4      | Killed Grinder
  2638 | D:4      | Reached XP level 7. HP: 50/50 MP: 0/0
  2638 | D:4      | Learned a level 2 spell: Jinxbite
  2681 | D:4      | 2681 ||| RETREEEEATING.
  2682 | D:4      | 2682 ||| RETREEEEATING.
  2683 | D:4      | 2683 ||| RETREEEEATING.
  2686 | D:4      | 2686 ||| RETREEEEATING.
  2693 | D:4      | 2693 ||| RETREEEEATING.
  2694 | D:4      | 2694 ||| RETREEEEATING.
  2697 | D:4      | 2697 ||| RETREEEEATING.
  2698 | D:4      | 2698 ||| RETREEEEATING.
  2699 | D:4      | 2699 ||| RETREEEEATING.
  2700 | D:4      | 2700 ||| RETREEEEATING.
  2701 | D:4      | 2701 ||| RETREEEEATING.
  2702 | D:4      | 2702 ||| RETREEEEATING.
  2703 | D:4      | 2703 ||| RETREEEEATING.
  2704 | D:4      | 2704 ||| RETREEEEATING.
  2705 | D:4      | 2705 ||| RETREEEEATING.
  2706 | D:4      | 2706 ||| RETREEEEATING.
  2707 | D:4      | 2707 ||| RETREEEEATING.
  2708 | D:4      | 2708 ||| RETREEEEATING.
  2709 | D:4      | 2709 ||| RETREEEEATING.
  2710 | D:4      | 2710 ||| RETREEEEATING.
  2721 | D:4      | HP: 11/51 [gnoll/+0 spear[a gnoll bouda] (6)]
  2722 | D:4      | 2722 ||| DRINKING potion of heal wounds.
  2728 | D:4      | HP: 9/51 [gnoll bouda/+0 club (6)]
  2737 | D:4      | HP: 13/52 [gnoll/+0 spear[a gnoll bouda] (4)]
  2742 | D:4      | HP: 8/52 [gnoll/+0 spear[a gnoll bouda] (6)]
  2792 | D:4      | Found a sacrificial altar of Ru.
  2830 | D:4      | Found a broken altar of Ashenzari.
  2922 | D:4      | Found a runed translucent door.
  2923 | D:4      | Noticed Crazy Yiuf
  2925 | D:4      | Noticed Duvessa
  2925 | D:4      | Noticed Dowan
  2945 | D:4      | Found a snail-covered altar of Cheibriados.
  3213 | D:4      | 3213 ||| READING scroll of identify.
  3213 | D:4      | 3213 ||| IDENTIFYING metallic grey potion
  3266 | D:5      | Entered Level 5 of the Dungeon
  3267 | D:5      | 3267 ||| PLANNING OSSUARY
  3286 | D:5      | Found a staircase to the Ecumenical Temple.
  3404 | D:5      | Reached skill level 6 in Ranged Weapons
  3404 | D:5      | Reached XP level 8. HP: 58/58 MP: 0/0
  3600 | D:5      | Found a sand-covered staircase.
  3601 | D:5      | 3601 ||| UPGRADING to ring of protection from fire.
  3602 | D:5      | 3602 ||| READING scroll labelled HUUPHI NAQEILAEJODGH.
  3602 | D:5      | 3602 ||| ENCHANTING +0 helmet.
  3606 | Ossuary  | Entered an ossuary
  3638 | Ossuary  | 3638 ||| RETREEEEATING.
  3659 | Ossuary  | HP: 8/58 [mummy (15)]
  3660 | Ossuary  | 3660 ||| DRINKING potion of heal wounds.
  3665 | Ossuary  | HP: 14/58 [mummy (14)]
  3668 | Ossuary  | Slain by a mummy

Levels and vault maps discovered:
D:1:      dpeg_arrival_rhombi, layout_basic, serial_bayou, serial_bayou_shore_a,
          serial_bayou_pond_d, serial_bayou_pond_c, serial_bayou_pond_e
D:2:      layout_basic, ebering_ecumenical_altar_hall
D:3:      layout_basic
D:4:      layout_rooms, nicolae_ru_sacrificial_ziggurat,
          mainiacjoe_overflow_alcove_1, nicolae_ashenzari_panopticon,
          uniq_crazy_yiuf_cottage, uniq_duvessa, uniq_grinder
D:5:      layout_basic, lightli_temple_of_fire, nzn_hepliaklqana_mist_gate,
          minmay_temple_entry_glass, nicolae_ossuary_entry_plus
Ossuary:  ossuary_zaba_flooded

Skill      XL: |  1  2  3  4  5  6  7  8 |
---------------+-------------------------+-----
Ranged Weapons | 4 5 6 |  6.2
Armour         | 1 2 |  2.0
Fighting       | 3 4 |  4.0
Dodging        | 4 |  4.7
Stealth        | |  0.7

Action                     |  1- 3 |  4- 6 |  7- 9 || total
---------------------------+-------+-------+-------++-------
   Fire: Shortbow          |    69 |   174 |   185 ||   428
    Use: Scroll            |     1 |     5 |     2 ||     8
         Potion            |       |     2 |     2 ||     4
 Armour: Leather armour    |     6 |       |       ||     6
         Ring mail         |    12 |   108 |   153 ||   273
  Dodge: Dodged            |    15 |    81 |   146 ||   242

Table legend:
 A = Non-vault XP
 B = Vault XP
 C = Vault XP percentage of total XP
 D = Non-vault monster count
 E = Vault monster count
 F = Vault count percentage of total count
                 A         B        C        D         E       F
            +---------+---------+-------+---------+---------+-------
      Total |     786 |     338 |  30.1 |      85 |       3 |   3.4
            +---------+---------+-------+---------+---------+-------
        D:1 |      33 |       0 |   0.0 |      17 |       0 |   0.0
        D:2 |      49 |       0 |   0.0 |      14 |       0 |   0.0
        D:3 |     154 |       0 |   0.0 |      23 |       0 |   0.0
        D:4 |     342 |     277 |  44.7 |      22 |       1 |   4.3
        D:5 |     208 |       0 |   0.0 |       9 |       0 |   0.0
    Ossuary |       0 |      61 | 100.0 |       0 |       2 | 100.0
            +---------+---------+-------+---------+---------+-------
